 Dungeon Crawl Stone Soup version 0.31.0-4-g52a2dc7128 (webtiles) character file.

Game seed: 15324175774043048099

12523 Daunt the Brawler (level 11, -9/115 HPs)
             Began as a Troll Gladiator on Jan 23, 2024.
             Was an Elder of Elyvilon.
             Mangled by a four-headed hydra (12 damage)
             ... on level 10 of the Dungeon.
             The game lasted 00:32:53 (9757 turns).

Daunt the Brawler (Troll Gladiator)                 Turns: 9757, Time: 00:32:54

Health: -9/115     AC:  6    Str: 28    XL:     11   Next: 63%
Magic:  0/10       EV: 10    Int:  4    God:    Elyvilon [****..]
Gold:   571        SH:  0    Dex: 11    Spells: 10/10 levels left

rFire   . .          .
                       - Unarmed
rCold   + . .        (no shield)
rNeg    . . .        Q - +2 robe {Will+}
rPois   +            b - +0 hat
rElec   .            (no cloak)
rCorr   .            (gloves unavailable)
SInv    .            (boots unavailable)
Will    +....        S - amulet of guardian spirit
Stlth   +            J - ring of protection from cold
HPRegen 1.19/turn    X - ring of poison resistance
MPRegen 0.12/turn

%: guardian spirit
@: no status effects
A: large, unfitting armour, claws 3, regeneration 1, shaggy fur 1, tough skin 1
a: Renounce Religion, Purification, Heal Other, Heal Self


You were on level 10 of the Dungeon.
You worshipped Elyvilon.
Elyvilon was greatly pleased with you.
You visited 2 branches of the dungeon, and saw 11 of its levels.
You also visited: Sewer and Bailey.

You collected 571 gold pieces.

Inventory:

Hand Weapons
 F - the +8 long sword "Kihiczim" {protect, rC+++ Will- Dex+3}
   (You found it on level 5 of the Dungeon)

   Dex+3:     It affects your dexterity (+3).
   rC+++:     It renders you almost immune to cold.
   Will-:     It decreases your willpower.
Missiles
 c - 5 throwing nets
 d - 4 large rocks
 i - 90 stones
 q - 2 javelins
 w - 4 boomerangs
 x - 34 poisoned darts (quivered)
 I - 2 curare-tipped darts
 R - 6 datura-tipped darts
Armour
 b - a +0 hat (worn)
 Q - a +2 robe of willpower (worn)
Jewellery
 J - a ring of protection from cold (left claw)
 S - an amulet of guardian spirit (around neck)
 V - a ring of protection from cold
 X - a ring of poison resistance (right claw)
Talismans
 y - a serpent talisman
Wands
 v - a wand of light (7)
 D - a wand of polymorph (9)
 M - a wand of charming (11)
 T - a wand of iceblast (2)
Scrolls
 e - 2 scrolls of summoning {unknown}
 g - 2 scrolls of poison {unknown}
 h - 2 scrolls of brand weapon {unknown}
 k - a scroll of enchant armour {unknown}
 m - 5 scrolls of blinking {unknown}
 n - 14 scrolls of identify {unknown}
 o - 3 scrolls of fear {unknown}
 r - 3 scrolls of enchant weapon {unknown}
 s - 2 scrolls of immolation {unknown}
 u - a scroll of amnesia {unknown}
 A - 2 scrolls of revelation {unknown}
 B - 2 scrolls of noise {unknown}
 H - a scroll of vulnerability {unknown}
 K - 3 scrolls of teleportation {unknown}
 N - 2 scrolls of silence {unknown}
 O - a scroll of acquirement {unknown}
 U - a scroll of fog {unknown}
Potions
 f - 3 potions of might {unknown}
 j - a potion of brilliance {unknown}
 l - 2 potions of resistance {unknown}
 p - 4 potions of lignification {unknown}
 t - 4 potions of heal wounds {unknown}
 z - 4 potions of curing {unknown}
 C - 5 potions of enlightenment
 E - a potion of mutation {unknown}
 G - 3 potions of magic {unknown}
 L - a potion of ambrosia {unknown}
 W - a potion of experience


   Skills:
 + Level 9.2 Fighting
 - Level 3.0 Throwing
 - Level 2.4 Dodging
 * Level 15.2 Unarmed Combat
 - Level 1.0 Evocations


You had 10 spell levels left.
You didn't know any spells.
Your spell library contained the following spells:

 Spells                   Type           Power      Damage    Failure   Level
 Foxfire                  Conj/Fire      0%         2x1d4     50%         1
 Sandblast                Erth           0%         2d4       50%         1
 Shock                    Conj/Air       0%         1d3       50%         1
 Static Discharge         Conj/Air       0%         3-3/arc   65%         2
 Mephitic Cloud           Conj/Alch/Air  0%         N/A       86%         3
 Passwall                 Erth           0%         N/A       86%         3
 Stone Arrow              Conj/Erth      0%         3d7       86%         3
 Swiftness                Air            0%         N/A       86%         3
 Volatile Blastmotes      Fire/Tloc      0%         2d10      86%         3
 Airstrike                Air            0%         2d(0-16)  99%         4
 Animate Armour           Summ/Erth      0%         N/A       99%         4
 Brom's Barrelling Bould  Conj/Erth      0%         2d3       99%         4
 Fulminant Prism          Conj/Alch      0%         3d5       99%         4
 Iskenderun's Mystic Bla  Conj/Tloc      0%         2d3       99%         4
 Manifold Assault         Tloc           0%         N/A       99%         4
 Dispersal                Tloc           0%         N/A       100%        6
 Plasma Beam              Fire/Air       0%         2x1d10    100%        6
 Starburst                Conj/Fire      0%         6d3       100%        6
 Disjunction              Tloc           0%         N/A       100%        8
 Lehudib's Crystal Spear  Conj/Erth      0%         10d2      100%        8
 Chain Lightning          Conj/Air       0%         N/A       100%        9


Dungeon Overview and Level Annotations

Branches:
Dungeon (10/15)            Temple (1/1) D:5             Orc (0/2) D:10
  Sewer (visited)          Bailey (visited)
   Lair: D:8-11

Altars:
Ashenzari
Cheibriados
Dithmenos
Elyvilon
Fedhas
Gozag
Hepliaklqana
Kikubaaqudgha
Nemelex Xobeh
Okawaru
Qazlal
Ru
Sif Muna
Trog
Uskayaw
Vehumet
Wu Jian
Xom
Yredelemnul
Zin

Shops:
D:2 !   D:7 (   D:8 [

Annotations:
D:3 3 runed translucent doors, exclusion: black bear, Vadun's ghost, amateur MiMo
D:9 3 runed translucent doors, snydleywhiplash's ghost, novice MiFi


Innate Abilities, Weirdness & Mutations

You are too large for most types of armour.
You have claws for hands.
Your natural rate of healing is unusually fast.
You are covered in fur. (AC +1)
You have tough skin. (AC +1)


Message History

The mass of ice explodes!
The iceblast engulfs the four-headed hydra!!
The four-headed hydra is moderately wounded.
You hear a shout!
The four-headed hydra bites you! x2
* * * LOW HITPOINT WARNING * * *
The four-headed hydra completely misses you.
The four-headed hydra bites you!
* * * LOW HITPOINT WARNING * * *
Unknown command.
Aiming: Iceblast
Press: ? - help, Shift-Dir - straight line The mass of ice explodes!
The iceblast engulfs the four-headed hydra!
The four-headed hydra is heavily wounded.
The four-headed hydra bites you!
* * * LOW HITPOINT WARNING * * *
The four-headed hydra bites you.
* * * LOW HITPOINT WARNING * * *
The four-headed hydra bites you! Elyvilon protects you from harm!
The four-headed hydra bites you! Elyvilon protects you from harm!
Unknown command.
Unknown command.
Aiming: Iceblast
Press: ? - help, Shift-Dir - straight line
Okay, then.
Unknown command.
There's nothing to close nearby.
Aiming: Charm
Press: ? - help, Shift-Dir - straight line, f - four-headed hydra
Aim: a four-headed hydra (moderately wounded, chance to affect: 19%)
The four-headed hydra resists with almost no effort.
The four-headed hydra bites you.
* * * LOW HITPOINT WARNING * * *
The four-headed hydra bites you! Elyvilon protects you from harm!
The four-headed hydra bites you!
You die...

... ##.#.## .$.
#.....# ..# ##....##
..#..... ..#
#..#....## ........#
.. ..##..###
......... ..#..#...#
.........##...##.#.#
...#.c....#...#..#.#
.....#....##.##.@..#
......###..#.#.D####
..[#..#....#.#)##
..#......#.[.).#
...#.........###
.......#######
.......# ....D.##
......#


You could see a four-headed hydra.

Vanquished Creatures
  3 centaur warriors (D:10)
  A boulder beetle (D:7)
  2 two-headed ogres
  An orc knight (Bailey)
  A rime drake (shapeshifter) (D:10)
  3 trolls
  8 yaks
  An acid dragon (D:9)
  A water moccasin (D:7)
  21 orc warriors
  2 sky beasts (D:6)
  3 ice beasts
  A laughing skull (D:10)
  A black bear (D:7)
  6 centaurs
  An ogre (D:5)
  2 phantoms
  3 kobold brigands
  A brain worm (Sewer)
  5 bullfrogs
  2 scorpions
  2 gnoll sergeants
  5 wights
  11 killer bees (D:9)
  2 howler monkeys
  A bombardier beetle (D:4)
  7 hounds
  3 jellies
  3 orc priests
  A sleepcap (D:4)
  10 orc wizards
  A gnoll bouda (D:7)
  4 iguanas
  12 gnolls
  12 adders
  A river rat (Sewer)
  2 white imps (D:5)
  2 ufetubi (D:5)
  5 dart slugs
  7 ribbon worms
  44 orcs
  11 endoplasms
  5 giant cockroaches
  8 goblins
  7 hobgoblins
  8 jackals
  37 kobolds
  7 quokkas
  9 ball pythons
  9 bats
  4 frilled lizards
  3 rats
312 creatures vanquished.

Vanquished Creatures (collateral kills)
  An orc warrior (Bailey)
1 creature vanquished.

Grand Total: 313 creatures vanquished

Notes
Turn   | Place    | Note
-------+----------+-------------------------------------------
     0 | D:1      | Daunt the Troll Gladiator began the quest for the Orb.
     0 | D:1      | Reached XP level 1. HP: 19/19 MP: 0/0
    74 | D:1      | Reached XP level 2. HP: 28/28 MP: 1/1
   468 | D:1      | Reached XP level 3. HP: 33/35 MP: 2/2
   500 | D:1      | Found a faded altar of an unknown god.
   751 | D:2      | Got the Commentary on Gaseous Ashes
   764 | D:2      | Reached skill level 4 in Unarmed Combat
  1093 | D:2      | Reached XP level 4. HP: 42/44 MP: 3/3
  1290 | D:2      | Found Olohanih's Distillery.
  1688 | D:3      | Noticed a black bear
  1855 | D:3      | Reached skill level 5 in Unarmed Combat
  1855 | D:3      | Reached XP level 5. HP: 49/52 MP: 4/4
  2083 | D:3      | Found a runed translucent gate.
  2084 | D:3      | Found a runed translucent gate.
  2085 | D:3      | Found a runed translucent gate.
  2086 | D:3      | Noticed Vadun's ghost (amateur MiMo)
  2556 | D:4      | Reached XP level 6. HP: 61/61 MP: 5/5
  2562 | D:4      | Reached skill level 6 in Unarmed Combat
  2864 | D:4      | Found a glowing drain.
  2884 | Sewer    | Entered a sewer
  3043 | Sewer    | Reached XP level 7. HP: 64/68 MP: 6/6
  3075 | Sewer    | Reached skill level 7 in Unarmed Combat
  3929 | D:5      | Entered Level 5 of the Dungeon
  4062 | D:5      | Identified the +8 long sword "Kihiczim" {protect, rC+++
                  | Will- Dex+3}
  4255 | D:5      | Reached skill level 8 in Unarmed Combat
  4261 | D:5      | Reached XP level 8. HP: 79/79 MP: 7/7
  4589 | D:5      | Found a staircase to the Ecumenical Temple.
  4601 | Temple   | Entered the Ecumenical Temple
  4612 | Temple   | Became a worshipper of Elyvilon the Healer
  4801 | D:6      | Reached skill level 5 in Fighting
  4916 | D:6      | Found a shadowy altar of Dithmenos.
  4962 | D:6      | Reached skill level 9 in Unarmed Combat
  5085 | D:6      | Reached * piety under Elyvilon
  5322 | D:6      | Found a glowing silver altar of Zin.
  5600 | D:6      | Reached skill level 10 in Unarmed Combat
  5703 | D:7      | Reached XP level 9. HP: 89/89 MP: 8/8
  5718 | D:7      | Noticed a boulder beetle
  5792 | D:7      | Killed a boulder beetle
  5792 | D:7      | Noticed a two-headed ogre
  5797 | D:7      | Reached skill level 11 in Unarmed Combat
  5809 | D:7      | Identified the +5 whip of the Endless March {heavy, rN+
                  | Int+3 Dex+4}
  5822 | D:7      | Found a snail-covered altar of Cheibriados.
  5838 | D:7      | Killed a two-headed ogre
  6095 | D:7      | Reached XP level 10. HP: 102/102 MP: 9/9
  6206 | D:7      | Reached skill level 12 in Unarmed Combat
  6277 | D:7      | Found Keynleam's Antique Weapon Shop.
  6521 | D:7      | Reached ** piety under Elyvilon
  6757 | D:7      | Noticed a gargoyle
  7065 | D:8      | Found a basalt altar of Yredelemnul.
  7086 | D:8      | Found a hazy altar of Hepliaklqana.
  7283 | D:8      | Found Cikuov's Antique Armour Shop.
  7287 | D:8      | Found a stormy altar of Qazlal.
  7287 | D:8      | Found a broken altar of Ashenzari.
  7297 | D:8      | Found an iron altar of Okawaru.
  7465 | D:9      | Noticed a boulder beetle
  7465 | D:9      | Noticed snydleywhiplash's ghost (novice MiFi)
  7470 | D:9      | Found a runed translucent gate.
  7470 | D:9      | Found a runed translucent gate.
  7480 | D:9      | Noticed a boulder beetle
  7729 | D:9      | Reached skill level 13 in Unarmed Combat
  7948 | D:9      | Reached *** piety under Elyvilon
  7948 | D:9      | Found a runed translucent gate.
  8177 | D:9      | Noticed a two-headed ogre
  8187 | D:9      | Killed a two-headed ogre
  8188 | D:9      | Reached skill level 1 in Evocations
  8562 | D:10     | Entered Level 10 of the Dungeon
  8580 | D:10     | Reached XP level 11. HP: 111/111 MP: 10/10
  8620 | D:10     | Found a staircase to the Orcish Mines.
  8630 | D:10     | Reached skill level 14 in Unarmed Combat
  8779 | D:10     | Reached **** piety under Elyvilon
  8836 | D:10     | Found a flagged portal.
  8881 | Bailey   | Entered a bailey
  9387 | Bailey   | Noticed an orc knight
  9394 | Bailey   | Killed an orc knight
  9463 | Bailey   | Identified the +6 orcbow of Malaise {freeze, rN+}
  9526 | D:10     | Noticed a centaur warrior
  9534 | D:10     | Killed a centaur warrior
  9591 | D:10     | Noticed a centaur warrior
  9610 | D:10     | Killed a centaur warrior
  9611 | D:10     | Reached skill level 15 in Unarmed Combat
  9739 | D:10     | Identified the +8 dagger "Wucvey" {heavy, ^Fragile rF+
                  | Str+2}
  9739 | D:10     | Noticed a centaur warrior
  9739 | D:10     | Noticed a four-headed hydra
  9752 | D:10     | Killed a centaur warrior
  9756 | D:10     | HP: 5/115 [four-headed hydra (4)]
  9756 | D:10     | Elyvilon protects you from harm!
  9756 | D:10     | Elyvilon protects you from harm!
  9757 | D:10     | Elyvilon protects you from harm!
  9757 | D:10     | Mangled by a four-headed hydra

Illustrated notes

Levels and vault maps discovered:
D:1:      lemuel_arrival_tunnels, layout_basic, serial_curves, eino_curves_04,
          eino_curves_04, chequers_ecumenical_altar_simple_redux
D:2:      wad_lake_hut, layout_loops_ring, serial_shops, nicolae_shop_stone
D:3:      layout_basic, ebering_ghost_rock_garden, minmay_distorted
D:4:      kennysheep_kobold_camp, layout_basic, cheibrodos_sewer_entry_bend
D:5:      layout_loops_ring, minmay_temple_entry_overgrown,
          kennysheep_cluttered_room, minmay_misc_feat_square
D:6:      layout_cave_pools, mainiacjoe_overflow_tiny_flanked,
          overflow_temple_1_default, hangedman_abyss_or_decor_stagger
D:7:      nzn_winding_woodlands_small [nzn_winding_woodlands_5x15_concentric,
          nzn_winding_woodlands_center_pierced_h,
          nzn_winding_woodlands_5x15_pathside_ponds], layout_basic,
          cheibriados_altar_1, serial_shops, kennysheep_mini
D:8:      layout_layer_cave, mainiacjoe_overflow_brackets,
          nicolae_overflow_quartered_altars, serial_shops, shop
D:9:      layout_grid_maze, gammafunk_ghost_split
D:10:     minmay_the_grid_triangle_9x9_recursive_2_mashed
          [minmay_the_grid_triangle_9x9_prize_center,
          minmay_the_grid_triangle_9x9_steps,
          minmay_the_grid_triangle_9x9_descending_squares,
          minmay_the_grid_triangle_9x9_negative_grid], layout_cross,
          gammafunk_temple_overflow_pools, david_orc_2, serial_shops,
          nicolae_lakefront_shop, enter_bailey_8
Temple:   nicolae_temple_hex_pool

Skill      XL: |  1  2  3  4  5  6  7  8  9 10 11 |
---------------+----------------------------------+-----
Fighting       | 2 3 4 5 7 8 9 |  9.2
Unarmed Combat | 4 5 6 8 10 11 13 15 | 15.2
Throwing       | 2 3 |  3.0
Evocations     | 1 |  1.0
Dodging        | |  2.4

Action                     |  1- 3 |  4- 6 |  7- 9 | 10-12 || total
---------------------------+-------+-------+-------+-------++-------
  Melee: Unarmed           |    90 |   195 |   229 |   324 ||   838
         Punch             |     3 |     3 |    11 |    20 ||    37
  Throw: Dart              |       |       |     2 |    11 ||    13
         Large rock        |       |       |     1 |       ||     1
  Evoke: Wand              |       |       |       |     6 ||     6
   Stab: Sleeping          |     2 |       |     1 |     1 ||     4
 Armour: Robe              |    61 |   108 |   136 |   306 ||   611
  Dodge: Dodged            |    44 |    67 |   120 |   176 ||   407
